Map: Eternal Empire LE

Players

Geralt (Gerald) - Winner!

  • Race: Protoss Protoss
  • League: Grandmaster
  • Spawn Location: 7:00

BratOK (Brat_OK)

  • Race: Terran Terran
  • League: Grandmaster
  • Spawn Location: 1:00

Event: DreamHack SC2 Masters 2020 Summer Europe

VOD

Have the link to the VOD?

Description

Time

  • Played on: July 3, 2020, 1:19 p.m.
  • Length: 17:48

All games in this series

Show
View Real Time Build Order
Export as new Build Order

Geralt Protoss - Winner!

Build Orders: 1 Gate Expand, Blink Stalkers 

Get SALT Encoding   

  12  0:00  Probe  
  13  0:12  Probe  
  14  0:17  Pylon  
  14  0:22  Probe  
  15  0:31  Probe  
  16  0:38  Gateway  
  16  0:40  Probe  
  16  0:46  Assimilator  
  17  0:52  Probe  
  18  1:04  Probe  
  19  1:17  Probe  
  20  1:25  Cybernetics Core  
  20  1:29  Probe  
  21  1:37  Nexus  
  21  1:43  Pylon  
  21  1:46  Probe  
  22  1:52  Assimilator  
  22  1:55  Adept  
  22  1:58  Probe  
  23  2:07  Warp Gate  
  25  2:10  Probe  
  25  2:15  Adept  
  25  2:22  Probe  
  26  2:28  Twilight Council  
  28  2:34  Probe  
  29  2:39  Blink  
  29  2:44  Stalker  
  29  2:46  Probe  
  31  2:52  Probe  
  32  2:58  Probe  
  32  3:04  Probe  
  34  3:10  Probe  
  35  3:16  Probe  
  35  3:18  Gateway  
  36  3:22  Gateway  
  36  3:23  Probe  
  37  3:28  Probe  
  38  3:35  Probe  
  38  3:38  Robotics Facility  
  38  3:41  Probe  
  40  3:47  Probe  
  41  3:53  Probe  
  41  3:55  Pylon  
  42  3:56  Assimilator  
  42  3:59  Probe, Stalker  
  45  4:05  Probe  
  46  4:13  Probe  
  46  4:15  Pylon  
  47  4:17  Probe  
  47  4:22  Stalker x3  
  54  4:33  Probe x2, Observer  
  57  4:39  Nexus  
  57  4:41  Pylon  
  57  4:43  Charge  
  57  4:50  Probe  
  54  4:56  Stalker x2  
  54  4:58  Stalker  
  54  4:59  Probe  
  61  5:10  Probe  
  62  5:16  Forge  
  62  5:20  Gateway  
  62  5:24  Probe, Gateway  
  62  5:27  Probe  
  64  5:30  Pylon  
  64  5:36  Probe, Pylon  
  64  5:37  Observer  
  64  5:39  Probe  
  67  5:47  Stalker  
  68  6:02  Probe, Stalker  
  68  6:03  Stalker  
  73  6:05  Probe  
  73  6:08  Shield Battery  
  73  6:10  Probe  
  75  6:16  Probe, Stalker, Protoss Ground Armor Level 1  
  76  6:18  Probe  
  76  6:22  Probe  
  76  6:23  Zealot x2  
  80  6:30  Gateway x2  
  80  6:31  Probe  
  81  6:33  Gateway  
  81  6:34  Zealot x2  
  81  6:36  Probe  
  81  6:37  Probe  
  87  6:43  Probe  
  87  6:45  Templar Archives  
  88  6:48  Probe  
  88  6:51  Zealot x3  
  95  6:54  Pylon  
  95  6:56  Assimilator  
  95  7:00  Probe x2  
  95  7:01  Probe, Assimilator  
  98  7:03  Dark Shrine  
  98  7:11  Assimilator  
  98  7:12  Probe x2  
  98  7:13  Probe  
  98  7:14  Zealot x2  
  105  7:22  Stalker x2  
  109  7:29  Psionic Storm  
  109  7:40  Pylon x2  
  109  7:54  Warp Prism  
  109  7:58  Probe x3  
  114  8:01  Photon Cannon  
  114  8:02  High Templar x4  
  114  8:05  Nexus  
  122  8:10  Probe x2, Pylon  
  124  8:17  Probe  
  125  8:20  Pylon  
  125  8:26  Observer  
  125  8:27  Pylon  
  125  8:29  Archon  
  125  8:30  Archon  
  125  8:35  Nexus, Protoss Ground Weapons Level 1  
  125  8:36  High Templar x3  
  125  8:38  Pylon  
  131  8:41  Probe x2  
  131  8:43  Robotics Facility  
  131  8:45  Forge  
  133  8:49  Probe, Observer  
  133  8:54  Probe  
  135  8:56  Photon Cannon  
  135  9:05  Gateway  
  135  9:07  Photon Cannon  
  135  9:09  Shield Battery  
  135  9:13  Unknown, Photon Cannon  
  135  9:15  Robotics Bay  
  135  9:21  Immortal  
  135  9:24  Photon Cannon  
  139  9:25  Shield Battery  
  139  9:29  Assimilator  
  139  9:32  Stalker  
  139  9:33  Stalker x5, Assimilator  
  148  9:40  Protoss Ground Armor Level 2  
  144  9:53  Gravitic Drive  
  144  9:59  Zealot, High Templar x2  
  148  10:00  Zealot x2  
  148  10:02  Warp Prism  
  148  10:03  Observer  
  148  10:04  Disruptor  
  157  10:07  Zealot x4  
  157  10:08  Probe  
  166  10:26  Probe  
  166  10:27  Probe x2  
  166  10:28  Probe  
  170  10:31  Dark Shrine  
  170  10:34  Gateway x2  
  170  10:37  Gateway  
  170  10:38  Disruptor  
  170  10:41  Gateway  
  159  10:51  Zealot x2  
  159  10:52  Zealot x7  
  173  10:58  Disruptor  
  170  11:14  Disruptor  
  170  11:15  Pylon  
  155  11:27  Zealot  
  155  11:28  Zealot x8  
  173  11:33  Disruptor  
  176  11:49  Disruptor  
  175  11:55  Archon x2  
  160  12:09  Disruptor  
  160  12:14  Stalker x9  
  160  12:15  Stalker x4  
  185  12:18  Stargate  
  185  12:20  Probe x2, Stargate  
  167  12:25  Warp Prism  
  163  12:30  Protoss Ground Weapons Level 2  
  163  12:33  Protoss Ground Armor Level 3  
  163  12:36  Shadow Stride  
  154  12:37  Probe x2  
  156  12:45  Probe, Disruptor  
  160  12:54  Probe x2  
  162  12:58  Pylon  
  162  13:01  Disruptor  
  165  13:07  Dark Templar x4  
  165  13:08  Zealot x8  
  165  13:11  Nexus  
  189  13:19  Nexus  
  171  13:20  Pylon  
  170  13:29  Zealot  
  170  13:30  Zealot x8  
  127  13:52  Stalker x11  
  145  13:56  Probe  
  145  13:58  Probe  
  145  14:01  Probe x2  
  149  14:09  Zealot x2  
  150  14:18  Observer  
  150  14:19  Nexus  
  151  14:31  High Templar x12  
  153  14:32  High Templar  
  153  14:38  Archon x3  
  177  14:39  Archon  
  177  14:42  Fleet Beacon  
  175  14:53  Probe x2  
  175  14:55  Pylon  
  177  15:14  Dark Templar x9  
  183  15:19  Zealot x2  
  199  15:21  Assimilator  
  199  15:22  Assimilator  
  185  15:41  Zealot x3  
  185  15:42  Zealot  
  169  15:54  Zealot x6  
  169  15:55  Zealot x3  
  181  15:57  Disruptor  
  156  16:28  Probe, Disruptor  
  156  16:30  Disruptor  
  163  16:45  Dark Templar x4  
  163  16:46  Zealot x9  
  189  16:51  Tempest x2  
  199  17:03  Probe  
  199  17:05  Photon Cannon  
  199  17:08  Shield Battery  
  200  17:10  Photon Cannon  
  198  17:21  Stalker  
  200  17:34  Zealot x5  
Show
View Real Time Build Order
Export as new Build Order

BratOK Terran 

Build Orders: Reaper Expand, Mech 

Get SALT Encoding   

  12  0:00  SCV  
  13  0:13  SCV  
  14  0:17  Supply Depot  
  14  0:25  SCV  
  15  0:39  SCV  
  15  0:40  Barracks  
  16  0:44  Refinery  
  16  0:51  SCV  
  17  1:03  SCV  
  18  1:15  SCV  
  19  1:27  Reaper, Orbital Command  
  20  1:47  Command Center  
  20  1:53  SCV, Supply Depot  
  21  1:59  Barracks Reactor  
  21  2:06  SCV  
  22  2:18  SCV  
  22  2:21  Factory  
  23  2:25  Refinery  
  23  2:30  SCV  
  23  2:35  Marine x2  
  26  2:39  Bunker  
  26  2:42  SCV  
  27  2:53  Marine x2  
  27  2:54  SCV  
  29  3:01  Orbital Command  
  29  3:05  Widow Mine  
  30  3:06  SCV  
  30  3:09  Starport  
  31  3:14  Marine  
  31  3:18  SCV  
  33  3:28  Widow Mine  
  33  3:29  SCV  
  33  3:30  SCV  
  33  3:31  Marine  
  33  3:32  Marine  
  39  3:37  Supply Depot  
  39  3:46  Medivac  
  41  3:49  Marine x2  
  41  3:51  Factory Tech Lab  
  43  3:55  SCV  
  43  3:56  SCV  
  44  4:07  Supply Depot, Marine  
  44  4:08  SCV  
  45  4:11  Siege Tank  
  45  4:12  Marine  
  49  4:20  Liberator  
  52  4:24  Marine  
  52  4:28  SCV x2  
  52  4:31  Command Center  
  55  4:39  Supply Depot  
  55  4:40  SCV  
  56  4:48  Marine x2  
  56  4:52  SCV  
  59  4:53  Siege Tank  
  59  4:58  Supply Depot  
  62  5:11  SCV x2  
  62  5:12  Refinery x2  
  62  5:16  Marine x2  
  64  5:21  Supply Depot  
  64  5:26  Siege Tank  
  67  5:29  SCV x2  
  67  5:33  Marine  
  67  5:34  Marine  
  71  5:40  Factory  
  71  5:41  SCV  
  72  5:42  Supply Depot  
  72  5:44  Orbital Command  
  72  5:50  Factory  
  72  6:00  Siege Tank  
  72  6:01  Starport Tech Lab  
  72  6:02  SCV  
  72  6:03  SCV  
  74  6:09  Engineering Bay  
  74  6:13  SCV  
  74  6:14  SCV  
  74  6:17  SCV  
  77  6:21  Orbital Command  
  75  6:27  SCV  
  75  6:28  Armory  
  75  6:29  SCV, Armory  
  75  6:32  Hellion x2  
  80  6:34  Siege Tank  
  80  6:37  Factory  
  82  6:50  SCV x3  
  82  6:53  Hellion x2, Factory  
  88  7:00  Siege Tank  
  91  7:02  Missile Turret  
  91  7:03  SCV  
  91  7:06  Supply Depot, Hellion  
  91  7:07  SCV x2  
  96  7:14  Hellion  
  98  7:15  SCV  
  98  7:17  Terran Vehicle Weapons Level 1, Terran Vehicle And Ship Armor Level 1  
  98  7:19  SCV x2  
  101  7:26  Factory Tech Lab  
  101  7:28  SCV  
  102  7:31  SCV  
  102  7:32  SCV  
  102  7:33  Refinery  
  102  7:34  Missile Turret  
  102  7:35  Refinery  
  102  7:36  Mag-Field Accelerator, Infernal Pre-Igniter  
  102  7:45  SCV  
  102  7:46  SCV  
  102  7:49  Supply Depot  
  101  7:52  Factory Reactor  
  101  7:53  Cyclone  
  101  7:55  Hellion x2  
  101  7:56  Hellion x2  
  109  8:00  Supply Depot  
  109  8:05  SCV x3, Supply Depot  
  112  8:06  Supply Depot  
  112  8:14  Supply Depot  
  112  8:17  SCV, Hellion x3  
  119  8:22  Cyclone, Factory x2  
  119  8:23  Factory  
  120  8:28  Cyclone  
  120  8:29  Widow Mine x2  
  120  8:32  SCV  
  120  8:33  SCV x2  
  126  8:42  Supply Depot  
  126  8:46  Cyclone  
  126  8:47  Hellion x2  
  133  8:48  Drilling Claws  
  133  8:50  Hellion  
  133  8:54  Missile Turret x2  
  133  8:55  Missile Turret  
  135  9:00  Cyclone, Missile Turret  
  135  9:01  Missile Turret, Widow Mine  
  140  9:09  Factory Reactor, Factory Tech Lab x2  
  140  9:10  Cyclone  
  140  9:11  Widow Mine  
  140  9:14  Terran Vehicle And Ship Armor Level 2  
  145  9:18  Cyclone  
  141  9:32  Cyclone  
  138  9:42  Cyclone  
  138  9:43  Cyclone x2, Widow Mine  
  138  9:44  Widow Mine x2  
  149  9:52  SCV x2  
  147  9:54  Cyclone, Widow Mine x2  
  147  9:55  Widow Mine  
  147  9:57  Supply Depot x2  
  154  10:04  Command Center  
  154  10:05  Widow Mine  
  152  10:08  Missile Turret  
  152  10:09  Supply Depot  
  152  10:12  Supply Depot  
  152  10:18  Cyclone x3  
  152  10:19  Widow Mine x2  
  165  10:29  Cyclone x2  
  165  10:30  Widow Mine  
  169  10:48  Widow Mine x4  
  177  10:50  Cyclone x2  
  177  10:56  Cyclone, Widow Mine  
  186  11:08  Cyclone  
  186  11:09  Cyclone  
  186  11:11  Hellion x2  
  196  11:13  Hellion  
  196  11:15  Hellion x2  
  196  11:18  Hellion  
  194  11:22  Hellion  
  194  11:23  Hellion  
  189  11:28  Hellion  
  187  11:33  Refinery  
  187  11:39  Hellion x3  
  190  11:40  Cyclone  
  190  11:41  Cyclone  
  190  11:42  Planetary Fortress  
  190  11:44  Cyclone x2  
  200  11:54  Cyclone  
  199  11:56  SCV  
  199  12:01  Refinery  
  192  12:11  Hellion x2  
  192  12:13  Cyclone x2  
  192  12:15  SCV x2  
  192  12:19  Cyclone x2  
  192  12:20  Hellion  
  192  12:21  SCV  
  193  12:27  SCV x2  
  183  12:39  Cyclone  
  186  12:45  Cyclone x2  
  192  12:57  Command Center  
  192  12:58  Terran Vehicle Weapons Level 2  
  178  13:24  Missile Turret  
  172  13:28  Cyclone x5  
  172  13:34  Hellion x2  
  129  13:51  SCV x3  
  118  14:00  Cyclone x5  
  135  14:10  Widow Mine x2  
  134  14:21  Widow Mine  
  134  14:23  Smart Servos  
  136  14:29  Hellion  
  136  14:30  Hellion x2  
  136  14:32  Cyclone x4  
  136  14:34  Missile Turret  
  148  14:40  Siege Tank  
  148  14:41  Hellion x2  
  148  14:43  Missile Turret  
  155  14:48  Widow Mine x2  
  159  15:04  Siege Tank x4  
  159  15:05  Hellion, Planetary Fortress  
  170  15:12  Siege Tank  
  170  15:14  SCV x4  
  176  15:26  SCV x4  
  159  15:36  Cyclone  
  159  15:38  Cyclone x2, Widow Mine x5  
  176  15:45  Cyclone x2  
  135  16:08  Cyclone  
  135  16:10  Cyclone x2  
  142  16:16  Widow Mine x2  
  142  16:17  Cyclone x2  
  133  16:28  SCV  
  133  16:29  SCV x2  
  134  16:40  Cyclone  
  134  16:41  SCV x2  
  134  16:42  Cyclone, Missile Turret  
  134  16:43  Missile Turret  
  134  16:46  Cyclone, Missile Turret, Widow Mine  
  134  16:47  Widow Mine x2  
  150  16:48  Orbital Command  
  150  16:49  Cyclone  
  153  16:56  Cyclone  
  156  17:04  Widow Mine  
  156  17:06  Orbital Command  
  158  17:12  Cyclone  
  158  17:14  Cyclone  
  150  17:17  Widow Mine  
  150  17:18  Widow Mine  
Tags
 
Add a new tag
Caveats
  • Supply blocks, unpowered buildings, or Contaminate may cause inaccurate times.
  • Supply counts are checked every 10 seconds.